 Dungeon Crawl Stone Soup version 0.22.1-1-ga44c0e5 (webtiles) character file.

219 erker the Changer (level 5, -1/33 HPs)
             Began as an Octopode Transmuter on Oct 8, 2018.
             Was an Initiate of Makhleb.
             Slain by a gnoll
             ... wielding a +2 antimagic halberd
              (5 damage)
             ... on level 3 of the Dungeon.
             The game lasted 00:12:23 (2216 turns).

erker the Changer (Octopode Transmuter)             Turns: 2216, Time: 00:12:25

Health: -1/33      AC:  1    Str:  8 (9)  XL:     5   Next: 96%
Magic:  0/8        EV: 13    Int: 14 (17) God:    Makhleb [......]
Gold:   102        SH:  0    Dex: 12      Spells: 2/9 levels left

rFire    . . .     SeeInvis .   m - +0 hand axe
rCold    . . .     Gourm    .   (no shield)
rNeg     . . .     Faith    .   (helmet restricted)
rPois    .         Spirit   .   (no amulet)
rElec    .         Reflect  .   (no ring)
rCorr    .         Harm     .   (no ring)
MR       .....     Clarity  +   (no ring)
Stlth    ++........             (no ring)
HPRegen  0.51/turn              (no ring)
MPRegen  0.11/turn              (no ring)
                                (no ring)
                                (no ring)

@: appendage (expiring)
A: almost no armour, stealthy swim, amphibious, 8 rings, constrict 8, tentacle
spike 3, camouflage 1, clarity, sense surroundings 1, regeneration 1, gelatinous
body 1
a: End Transformation, Renounce Religion


You were on level 3 of the Dungeon.
You worshipped Makhleb.
Makhleb was noncommittal.
You were very hungry.
One of your tentacles had a temporary spike.
You visited 1 branch of the dungeon, and saw 3 of its levels.

You collected 102 gold pieces.

Inventory:

Hand Weapons
 b - a +0 blowgun
 m - a +0 hand axe (weapon)
Missiles
 a - 69 arrows
 i - 2 throwing nets (quivered)
 n - 11 poisoned needles
Wands
 r - a wand of polymorph (18)
Scrolls
 d - 5 scrolls of identify {unknown}
 f - 3 scrolls of enchant armour {unknown}
 g - 2 scrolls of remove curse {unknown}
 j - a scroll of noise {unknown}
 l - a scroll of teleportation {unknown}
Potions
 e - a potion of agility {unknown}
 h - a potion of flight
 k - a potion of degeneration
 p - 2 potions of lignification {unknown}
 q - a potion of cancellation {unknown}
Comestibles
 c - 8 rations


   Skills:
 - Level 1.0 Fighting
 - Level 2.0 Dodging
 - Level 3.0 Unarmed Combat
 - Level 2.5 Spellcasting
 + Level 5.1 Transmutations
 * Level 2.0 Ice Magic


You had 2 spell levels left.
You knew the following spells:

 Your Spells              Type           Power        Failure   Level  Hunger
a - Beastly Appendage     Tmut           ###...       2%          1    #......
t - Sticks to Snakes      Tmut           ###.....     4%          2    ###....
y - Ice Form              Ice/Tmut       ##......     45%         4    #####..

Your spell library contained the following spells:

 Spells                   Type           Power        Failure   Level  Hunger
 Spider Form              Tmut/Pois      #.........   24%         3    ###....
 Blade Hands              Tmut           ###.......   58%         5    ######.


Dungeon Overview and Level Annotations

Branches:
Dungeon (3/15)

Altars:
Ashenzari
Fedhas
Hepliaklqana
Makhleb
Okawaru
Qazlal


Innate Abilities, Weirdness & Mutations

You cannot wear most types of armour.
You are very stealthy in the water. (Stealth+)
You are amphibious.
You can wear up to eight rings at the same time.
You can use your tentacles to constrict eight enemies at once.
Your skin changes colour to match your surroundings (Stealth+).
Your rubbery body absorbs attacks. (AC +1, EV +1)
One of your tentacles bears a large vicious spike.
You possess an exceptional clarity of mind.
You passively map a small area around you.
Your natural rate of healing is unusually fast.


Message History

Your ball python constricts the gnoll.
The giant cockroach misses you.
Your ball python bites the gnoll but does no damage.
Your ball python constricts the gnoll.
The gnoll hits you with an antimagic halberd!
* * * LOW HITPOINT WARNING * * *
The giant cockroach closely misses you.
You hit the gnoll. Your squeeze misses the gnoll.
The gnoll is heavily wounded.
You hit the giant cockroach.
Your ball python bites the gnoll.
Your ball python constricts the gnoll.
The giant cockroach closely misses you.
The gnoll closely misses your ball python.
Your ball python bites the gnoll but does no damage.
Your ball python constricts the gnoll.
You completely miss the gnoll.
You pierce the gnoll, but do no damage.
The gnoll is severely wounded.
You hit the giant cockroach but do no damage.
The giant cockroach bites you.
* * * LOW HITPOINT WARNING * * *
The gnoll hits you with an antimagic halberd.
You die...

,..........####.
................
...............#
............?...
###.........##....#
####..........)##....#
#.................###.
#....sg...........###.
#...)@S.......).......
####...###...#........
#.....####............
#.....#....#.#...#....
#.....#.##.#.....#....
#.....'...............
#.....#..........##...
#.....................
#...##................


You could see a gnoll, a giant cockroach and a friendly ball python.

Vanquished Creatures
  2 gnolls (D:3)
  4 adders
  4 dart slugs
  3 leopard geckos
  A ball python (D:1)
  9 hobgoblins
  3 jackals (D:2)
  8 kobolds
  A quokka (D:3)
  7 bats
  4 frilled lizards
  4 goblins
  6 rats
56 creatures vanquished.

Vanquished Creatures (collateral kills)
  Sigmund (D:2)
  An adder (D:3)
  A goblin (D:2)
3 creatures vanquished.

Grand Total: 59 creatures vanquished

Notes
Turn   | Place    | Note
-------+----------+-------------------------------------------
     0 | D:1      | erker the Octopode Transmuter began the quest for the Orb.
     0 | D:1      | Reached XP level 1. HP: 13/13 MP: 3/3
   139 | D:1      | Reached XP level 2. HP: 14/18 MP: 3/5
   146 | D:1      | Learned a level 2 spell: Sticks to Snakes
   356 | D:1      | Found an iron altar of Okawaru.
   660 | D:1      | Reached XP level 3. HP: 21/23 MP: 4/6
   704 | D:1      | Reached skill level 3 in Transmutations
  1171 | D:2      | Found a burning altar of Makhleb.
  1172 | D:2      | Found a hazy altar of Hepliaklqana.
  1172 | D:2      | Found a stormy altar of Qazlal.
  1173 | D:2      | Noticed Sigmund
  1176 | D:2      | Became a worshipper of Makhleb the Destroyer
  1178 | D:2      | Found a blossoming altar of Fedhas.
  1369 | D:3      | Reached XP level 4. HP: 14/28 MP: 3/7
  1385 | D:3      | Learned a level 4 spell: Ice Form
  1555 | D:2      | Found a shattered altar of Ashenzari.
  1579 | D:2      | Killed Sigmund
  1579 | D:2      | Reached skill level 4 in Transmutations
  1579 | D:2      | Reached skill level 1 in Ice Magic
  1579 | D:2      | Reached XP level 5. HP: 9/33 MP: 2/8
  1703 | D:2      | Gained mutation: You passively map a small area around you.
                  | [potion of mutation]
  1703 | D:2      | Gained mutation: Your natural rate of healing is unusually
                  | fast. [potion of mutation]
  1703 | D:2      | Gained mutation: You possess an exceptional clarity of
                  | mind. [potion of mutation]
  1935 | D:3      | Reached skill level 5 in Transmutations
  2023 | D:3      | Noticed a sky beast
  2216 | D:3      | Slain by a gnoll

Skill      XL: |  1  2  3  4  5 |
---------------+----------------+-----
Transmutations | 3 4 5 |  5.1
Ice Magic      | 1 2 |  2.0
Fighting       | |  1.0
Dodging        | |  2.0
Unarmed Combat | |  3.0
Spellcasting   | |  2.5

Action                   |  1- 3 |  4- 6 || total
-------------------------+-------+-------++-------
Melee: Unarmed           |    22 |       ||    22
       Constrict         |    27 |     9 ||    36
       Tentacles         |    16 |     5 ||    21
       Kick              |    12 |     7 ||    19
       Hand axe          |    55 |    45 ||   100
       Punch             |     1 |     1 ||     2
 Cast: Beastly Appendage |    27 |     6 ||    33
       Sticks to Snakes  |     1 |     8 ||     9
  Use: Potion            |       |     5 ||     5
 Stab: Sleeping          |     8 |     1 ||     9
  Eat: Chunk             |     2 |     2 ||     4
Armor: Skin              |     7 |     4 ||    11
Dodge: Dodged            |    50 |    32 ||    82
